 Dungeon Crawl Stone Soup version 0.30.0-29-ga12c61a403 (webtiles) character file.

Game seed: 4939219769233467588

46006 Graphine the Unseen (level 14, -27/84 HPs)
             Began as a Kobold Brigand on June 17, 2023.
             Was a Priest of Ashenzari.
             Annihilated by an acid blob (30 damage)
             ... on level 1 of the Pits of Slime.
             The game lasted 00:48:06 (20356 turns).

Graphine the Unseen (Kobold Brigand)               Turns: 20356, Time: 00:48:07

Health: -27/84     AC:  6    Str: 11    XL:     14   Next: 74%
Magic:  26/26      EV: 28    Int: 13    God:    Ashenzari [***...]
Gold:   966        SH:  0    Dex: 21    Spells: 17/29 levels left

rFire   + + .        N - +12 short sword of the Profound Vision {elec, rF+ Str+3, Cun, Elem} (curse)
rCold   + . .        (no shield)
rNeg    . . .        b - +0 robe
rPois   +            (no helmet)
rElec   +            c - +1 cloak "I Foresaw This" {Cun, Bglg} (curse)
rCorr   +            T - +0 pair of gloves "Restrained Prison" {Cun, Evo} (curse)
SInv    +            I - +0 pair of boots
Will    +....        P - amulet of magic regeneration
Stlth   ++++++++++   r - ring of the Bound Sophism {SInv, Self, Cun} (curse)
HPRegen 0.34/turn    q - ring of the Sibylline Portent {AC+4, Cun, Self} (curse)
MPRegen 0.60/turn

%: clarity
@: resistant, corroded
A: small, no large weapons, nightstalker 3, frail 1
a: Renounce Religion, Shatter the Chains


You were on level 1 of the Pits of Slime.
You worshipped Ashenzari.
Ashenzari was most pleased with you.
You visited 4 branches of the dungeon, and saw 17 of its levels.

You collected 966 gold pieces.

Inventory:

Hand Weapons
 a - a +2 dagger
 h - a +2 dagger of venom
 x - a +3 hammer
 E - a +2 dagger of holy wrath
 N - the cursed +12 short sword of the Profound Vision (weapon) {elec, rF+ Str+3, Cun, Elem}
   (You found it on level 1 of the Lair of Beasts)

   Str:       It affects your strength (+3).
   rF:        It protects you from fire.
   It has a curse which improves the following skills: Cunning: Dodging and
   Stealth.
   Elements:  Fire Magic, Ice Magic, Air Magic and Earth Magic.
Missiles
 d - 25 poisoned darts (quivered)
 e - 3 curare-tipped darts
 K - 2 throwing nets
Armour
 b - a +0 robe (worn)
 c - the cursed +1 cloak "I Foresaw This" (worn) {Cun, Bglg}

   It has a curse which improves the following skills: Cunning: Dodging and
   Stealth.
   Beguiling: Conjurations, Hexes and Translocations.
 f - an orb of wrath
 I - a +0 pair of boots (worn)
 T - the cursed +0 pair of gloves "Restrained Prison" (worn) {Cun, Evo}
   (You found it on level 3 of the Lair of Beasts)

   It has a curse which improves the following skills: Cunning: Dodging and
   Stealth.
   Evocations: Evocations.
Magical Staves
 m - a staff of conjuration
Jewellery
 o - a +6 ring of intelligence
 p - a ring of wizardry
 q - the cursed ring of the Sibylline Portent (right hand) {AC+4, Cun, Self}
   (You found it on level 2 of the Dungeon)

   [ring of protection]

   AC:        It affects your AC (+4).
   It has a curse which improves the following skills: Cunning: Dodging and
   Stealth.
   Introspection: Fighting and Spellcasting.
 r - the cursed ring of the Bound Sophism (left hand) {SInv, Self, Cun}
   (You found it on level 2 of the Dungeon)

   [ring of see invisible]

   SInv:      It lets you see invisible.
   It has a curse which improves the following skills: Introspection: Fighting
   and Spellcasting.
   Cunning:   Dodging and Stealth.
 w - a ring of protection from fire
 A - a ring of poison resistance
 H - a +6 ring of strength
 P - an amulet of magic regeneration (around neck)
 S - a +6 ring of dexterity
 X - a ring of ice
Wands
 k - a wand of flame (16)
 v - a wand of mindburst (16)
 y - a wand of paralysis (22)
 C - a wand of polymorph (8)
 W - a wand of roots (11)
Scrolls
 j - 4 scrolls of immolation
 n - 2 scrolls of teleportation
 t - 5 scrolls of noise
 B - 6 scrolls of fog
 G - 3 scrolls of poison
 L - 3 scrolls of magic mapping
 M - 3 scrolls of blinking
 O - 2 scrolls of amnesia
Potions
 g - 5 potions of brilliance
 i - 2 potions of degeneration
 u - 3 potions of lignification
 z - 2 potions of attraction
 D - a potion of haste
 J - 2 potions of cancellation
 Q - 2 potions of flight
 R - 2 potions of ambrosia
 Y - a potion of mutation


   Skills:
 + Level 11.2(13.4) Fighting
 - Level 10.0 Short Blades
 - Level 10.0 Throwing
 + Level 11.9(16.1) Dodging
 * Level 20.1(24.0) Stealth
 + Level 5.8(8.0) Spellcasting
 + Level 3.8(5.2) Conjurations
 + Level 5.8(7.3) Fire Magic
 + Level 1.4(2.5) Evocations


You had 17 spell levels left.
You knew the following spells:

 Your Spells              Type           Power      Damage    Failure   Level
a - Foxfire               Conj/Fire      84%        2x1d8     1%          1
b - Fireball              Conj/Fire      10%        3d6       28%         5
c - Starburst             Conj/Fire      10%        6d5       85%         6

Your spell library contained the following spells:

 Spells                   Type           Power      Damage    Failure   Level
 Apportation              Tloc           10%        N/A       13%         1
 Dazzling Flash           Conj/Hex       24%        N/A       14%         3
 Hailstorm                Conj/Ice       12%        3d5       14%         3
 Sublimation of Blood     Necr           5%         N/A       21%         2
 Gell's Gravitas          Tloc           5%         N/A       36%         3
 Ozocubu's Armour         Ice            5%         N/A       36%         3
 Ice Form                 Ice/Tmut       5%         N/A       78%         4
 Petrify                  Tmut/Erth      5%         N/A       78%         4
 Irradiate                Conj/Tmut      6%         3d13      78%         5
 Olgreb's Toxic Radiance  Pois           5%         N/A       80%         4
 Freezing Cloud           Conj/Ice/Air   5%         6-21      87%         5
 Agony                    Necr           5%         N/A       98%         5
 Metabolic Englaciation   Hex/Ice        2%         N/A       98%         5
 Silence                  Hex/Air        2%         N/A       98%         5
 Plasma Beam              Fire/Air       7%         2x1d19    99%         6
 Conjure Ball Lightning   Conj/Air       6%         3x3d6     100%        6
 Simulacrum               Ice/Necr       2%         N/A       100%        6
 Discord                  Hex            2%         N/A       100%        8
 Ignition                 Fire           12%        3d6       100%        8


Dungeon Overview and Level Annotations

Branches:
Dungeon (10/15)            Temple (1/1) D:7            Lair (5/5) D:10
 Shoals (0/4) Lair:2        Snake (0/4) Lair:3        Slime (1/5) Lair:5
    Orc: D:9-12

Altars:
Ashenzari
Cheibriados
Gozag
Nemelex Xobeh
Qazlal
Sif Muna
Trog
Uskayaw
Wu Jian
Xom
Yredelemnul
The Shining One
Jiyva

Shops:
D:4 *   D:9 (


Innate Abilities, Weirdness & Mutations

You are small and have problems with some larger weapons.
You are completely attuned to the shadows.
You are frail. (-10% HP)


Message History

The helpless acid blob fails to defend itself.
You stick the acid blob like a pincushion!!!!!
Lightning courses through the acid blob!
You kill the acid blob!
The acid blob quivers.
The acid blob spits acid at you. The splash of acid hits you!
You puncture the acid blob!
Your hands burn!
The acid blob is lightly wounded.
You puncture the acid blob!
Your hands burn!
The acid blob is moderately wounded.
The acid blob completely misses you. The acid blob attacks as you move away!
The acid blob hits you but does no damage.
The acid blob spits acid at you. The splash of acid hits you!!
The acid blob spits acid at you.
The splash of acid hits you but does no damage.
The acid blob spits acid at you. The splash of acid misses you.
The acid blob spits acid at you. The splash of acid hits you!
* * * LOW HITPOINT WARNING * * *
The acid corrodes you!
You feel protected. The rockslime attacks as you move away!
The rockslime barely misses you.
The rockslime hits you but does no damage.
The rockslime attacks as you move away! The rockslime hits you!
* * * LOW HITPOINT WARNING * * *
The rockslime closely misses you.
There is a staircase back to the Lair here.
As you read the scroll of fear, it crumbles to dust.
You assume a fearsome visage.
The acid blob resists with almost no effort.
The rockslime looks frightened!
The acid blob spits acid at you. The splash of acid hits you! You resist.
* * * LOW HITPOINT WARNING * * *
The acid blob hits you!!
You die...

*
..............##....#
...................# ,
*#.....#............#
..................##
,.............#....#
**.............^....##
,*
*.............#.....#
*#.....#.###.#.....##
##..@J#.##.........#
##...............##
#....J.....#.#.###
#...........#.#..
#................ *
#....##.........., ,
##............... *
*................ ,
##.###......#....,,


You could see an acid blob and a rockslime (fleeing).

Vanquished Creatures
  Rupert (Lair:4)
  An acid blob (Slime:1)
  Nessos (Lair:4)
  2 hydras
  Harold (Lair:1)
  2 two-headed ogres
  3 catoblepae (Lair:5)
  A boulder beetle (Lair:5)
  8 death yaks
  Amaemon (Lair:1)
  A shining eye (Slime:1)
  2 manticores
  A salamander (Lair:3)
  An oklob plant (Lair:2)
  5 black mambas
  Joseph (D:10)
  8 cane toads
  An orange demon (Lair:1)
  2 torpor snails (Lair:4)
  A rime drake (Lair:3)
  8 komodo dragons
  2 polar bears
  A wind drake (Lair:2)
  2 hornets
  12 blink frogs
  13 dream sheep
  3 slime creatures (Slime:1)
  2 wyverns
  61 yaks
  3 basilisks
  Menkaure (D:7)
  Edmund (D:6)
  9 water moccasins
  Duvessa (D:4)
  3 orc warriors
  9 ice beasts
  3 black bears
  A sky beast (D:7)
  2 ogres
  6 centaurs
  A kobold brigand (D:7)
  9 bullfrogs
  5 necrophages (Lair:3)
  4 scorpions
  9 wights
  Dowan (D:4)
  24 killer bees
  6 electric eels
  7 howler monkeys
  3 lava snakes (Lair:3)
  4 orc priests
  3 hounds
  12 jellies (Lair:2)
  Crazy Yiuf (D:4)
  3 gnoll boudas
  A sleepcap (D:7)
  Natasha (D:4)
  3 iguanas
  4 orc wizards
  9 hell rats
  14 gnolls
  6 adders
  A white imp (D:8)
  2 worms
  2 dart slugs
  24 orcs
  5 ball pythons
  15 endoplasms
  4 giant cockroaches
  9 goblins
  6 hobgoblins
  7 jackals
  A quokka (D:2)
  7 bats
  3 frilled lizards (D:2)
  11 kobolds
  4 rats (D:1)
418 creatures vanquished.

Notes
Turn   | Place    | Note
-------+----------+-------------------------------------------
     0 | D:1      | Graphine the Kobold Brigand began the quest for the Orb.
     0 | D:1      | Reached XP level 1. HP: 12/12 MP: 1/1
   234 | D:1      | Reached XP level 2. HP: 17/17 MP: 2/2
   356 | D:1      | Reached XP level 3. HP: 22/22 MP: 3/3
  1233 | D:2      | Found a glowing golden altar of the Shining One.
  1280 | D:2      | Reached skill level 6 in Stealth
  1343 | D:2      | Reached XP level 4. HP: 26/27 MP: 4/4
  1503 | D:2      | Reached XP level 5. HP: 22/32 MP: 5/5
  2145 | D:3      | Found an ornate altar of the Wu Jian Council.
  2400 | D:3      | Reached skill level 7 in Stealth
  2510 | D:3      | Reached XP level 6. HP: 37/37 MP: 6/6
  2714 | D:3      | Found a faded altar of an unknown god.
  2787 | D:4      | Noticed a black bear
  2804 | D:4      | Killed a black bear
  2969 | D:4      | Noticed Natasha
  2977 | D:4      | Killed Natasha
  2997 | D:4      | Found Ophul's General Store.
  3007 | D:4      | Noticed Duvessa
  3009 | D:4      | Noticed Dowan
  3011 | D:4      | Killed Duvessa
  3012 | D:4      | Reached XP level 7. HP: 42/42 MP: 7/7
  3027 | D:4      | Killed Dowan
  3028 | D:4      | Reached skill level 8 in Stealth
  3198 | D:4      | Found a runed translucent door.
  3201 | D:4      | Noticed Crazy Yiuf
  3206 | D:4      | Killed Crazy Yiuf
  3528 | D:4      | Found a basalt altar of Yredelemnul.
  3536 | D:4      | Found a snail-covered altar of Cheibriados.
  3588 | D:4      | Reached skill level 5 in Short Blades
  3697 | D:4      | Gained mutation: You are occasionally teleported next to
                  | monsters. [potion of mutation]
  3697 | D:4      | Gained mutation: You are dopey. (Int -2) [potion of
                  | mutation]
  3699 | D:5      | Entered Level 5 of the Dungeon
  3741 | D:5      | Noticed a two-headed ogre
  3745 | D:5      | Killed a two-headed ogre
  3746 | D:5      | Reached skill level 10 in Stealth
  3746 | D:5      | Reached XP level 8. HP: 48/48 MP: 8/8
  3753 | D:5      | Reached skill level 5 in Throwing
  3848 | D:5      | Reached skill level 5 in Fighting
  3848 | D:5      | Reached XP level 9. HP: 48/54 MP: 9/9
  4232 | D:5      | Reached skill level 5 in Dodging
  4940 | D:6      | Found a glowing golden altar of the Shining One.
  5010 | D:6      | Noticed Edmund
  5014 | D:6      | Killed Edmund
  5169 | D:6      | Reached skill level 11 in Stealth
  5673 | D:6      | Found a shimmering altar of Xom.
  6545 | D:7      | Reached XP level 10. HP: 35/60 MP: 10/10
  6666 | D:7      | Reached skill level 12 in Stealth
  6840 | D:7      | Found a bloodstained altar of Trog.
  6882 | D:7      | Found a staircase to the Ecumenical Temple.
  6963 | Temple   | Entered the Ecumenical Temple
  6967 | Temple   | Became a worshipper of Ashenzari the Shackled
  7329 | D:7      | Noticed Menkaure
  7343 | D:7      | Killed Menkaure
  7705 | D:8      | Reached skill level 13 in Stealth
  8041 | D:8      | Found a shimmering blue altar of Sif Muna.
  9392 | D:9      | Found Ruat Mik's Antique Weapon Shoppe.
  9426 | D:9      | Reached XP level 11. HP: 63/68 MP: 11/11
  9531 | D:9      | Found an opulent altar of Gozag.
  9577 | D:9      | Noticed a two-headed ogre
  9581 | D:9      | Killed a two-headed ogre
  9582 | D:9      | Reached skill level 14 in Stealth
 10491 | D:10     | Entered Level 10 of the Dungeon
 10530 | D:10     | Noticed Joseph
 10534 | D:10     | Killed Joseph
 10845 | D:10     | Noticed a death yak
 10846 | D:10     | Noticed a death yak
 10848 | D:10     | Found a staircase to the Lair.
 10849 | D:10     | Killed a death yak
 10850 | D:10     | Reached skill level 15 in Stealth
 10852 | D:10     | Killed a death yak
 10854 | D:10     | Noticed a death yak
 10858 | D:10     | Killed a death yak
 10904 | D:10     | Reached skill level 10 in Short Blades
 11212 | D:10     | Reached XP level 12. HP: 30/75 MP: 12/12
 11810 | Lair:1   | Entered Level 1 of the Lair of Beasts
 11817 | Lair:1   | Noticed Amaemon
 11819 | Lair:1   | Reached skill level 16 in Stealth
 11822 | Lair:1   | Killed Amaemon
 12078 | Lair:1   | Identified the +12 short sword "Kala" {elec, rF+ Str+3}
 12090 | Lair:1   | Reached * piety under Ashenzari
 12429 | Lair:1   | Noticed Harold
 12444 | Lair:1   | Killed Harold
 12560 | Lair:1   | Reached ** piety under Ashenzari
 12719 | Lair:1   | Lost mutation: You are dopey. (Int -2) [potion of mutation]
 12719 | Lair:1   | Lost mutation: You are occasionally teleported next to
                  | monsters. [potion of mutation]
 12719 | Lair:1   | Gained mutation: You are frail. (-10% HP) [potion of
                  | mutation]
 13245 | Lair:2   | Reached skill level 17 in Stealth
 13245 | Lair:2   | Reached skill level 1 in Spellcasting
 13247 | Lair:2   | Reached skill level 1 in Fire Magic
 13346 | Lair:2   | Found a staircase to the Shoals.
 13412 | Lair:2   | Reached skill level 10 in Dodging
 13552 | Lair:2   | Reached XP level 13. HP: 63/75 MP: 18/18
 14720 | Lair:3   | Reached skill level 18 in Stealth
 14764 | Lair:3   | Reached skill level 10 in Fighting
 14794 | Lair:3   | Found a staircase to the Snake Pit.
 14813 | Lair:3   | Reached skill level 10 in Throwing
 15014 | Lair:3   | Identified the Guidebook on the Galvanic Singularity
 15501 | Lair:4   | Noticed a six-headed hydra
 15532 | Lair:4   | Killed a six-headed hydra
 15828 | Lair:4   | Learned a level 1 spell: Foxfire
 15916 | Lair:4   | Noticed Nessos
 15929 | Lair:4   | Killed Nessos
 15930 | Lair:4   | Reached skill level 1 in Conjurations
 16191 | Lair:4   | Noticed Rupert
 16211 | Lair:4   | Killed Rupert
 16212 | Lair:4   | Reached skill level 19 in Stealth
 16544 | Lair:4   | Reached XP level 14. HP: 82/82 MP: 23/23
 17096 | Lair:5   | Entered Level 5 of the Lair of Beasts
 17284 | Lair:5   | Found a staircase to the Slime Pits.
 17287 | Lair:5   | Found a viscous altar of Jiyva.
 17677 | Lair:5   | Reached skill level 5 in Fire Magic
 17749 | Lair:5   | Reached skill level 5 in Spellcasting
 18551 | Lair:5   | Found a broken altar of Ashenzari.
 18686 | Lair:5   | Reached *** piety under Ashenzari
 18762 | Lair:5   | Learned a level 5 spell: Fireball
 18769 | Lair:5   | Learned a level 6 spell: Starburst
 19700 | Lair:5   | Reached skill level 20 in Stealth
 20255 | Slime:1  | Entered Level 1 of the Pits of Slime
 20334 | Slime:1  | Reached skill level 1 in Evocations
 20336 | Slime:1  | Noticed an acid blob
 20337 | Slime:1  | Noticed an acid blob
 20339 | Slime:1  | Noticed a rockslime
 20340 | Slime:1  | Killed an acid blob
 20355 | Slime:1  | HP: 3/84 [acid blob/splash of acid (8)]
 20356 | Slime:1  | Annihilated by an acid blob

Illustrated notes

Levels and vault maps discovered:
D:1:      dpeg_arrival_short_road, layout_loops_ring, minmay_misc_feat_hallway,
          minmay_heptomino_d4
D:2:      layout_basic, basic_altar, serial_glass, glass_columns_c,
          glass_columns_a, minmay_surrounded
D:3:      layout_loops_ring, nicolae_wu_jian_wuxing_cycle,
          dilly_ecumenical_altar_fadedgnrine, dreamdust_princess_bridge
D:4:      layout_loops_cross, amethyst_overflow_temple_binary, serial_shops,
          nicolae_shop_crystal, uniq_crazy_yiuf_cottage, uniq_duvessa,
          uniq_natasha
D:5:      kennysheep_big_flooded_room, layout_cave_pods
D:6:      layout_loops_corners, mainiacjoe_overflow_swirl, uniq_edmund
D:7:      layout_basic, mainiacjoe_overflow_concentric_impassable,
          minmay_temple_entry_poolview, uniq_menkaure
D:8:      layout_loops_corners, nicolae_overflow_crystal_walls
D:9:      layout_cave_pods, mainiacjoe_overflow_six_doors_small, serial_shops,
          shop_statue
D:10:     minmay_twisted_water, layout_long_grid, dpeg_lair_monsters,
          uniq_joseph
Temple:   zaba_magenta_temple
Lair:1:   layout_cave_pods, disabler_island, uniq_harold, uniq_amaemon
Lair:2:   lemuel_slime, layout_hall_layers, minmay_shoals_entry_beasts,
          minivault_19, minmay_stone_trees_small, st_stairs_8
Lair:3:   layout_chaotic_city, nicolae_snake_entry_warm_welcome,
          roderic_carrion_pond, serial_bayou_shore_a
Lair:4:   layout_cave_pods, uniq_rupert, uniq_nessos
Lair:5:   evilmike_catoblepas_cave, layout_regular_city, slime_entry_1,
          basic_altar
Slime:1:  cheibrodos_slime_lost_civilization_10, layout_caves

Skill      XL: |  1  2  3  4  5  6  7  8  9 10 11 12 13 14 |
---------------+-------------------------------------------+-----
Short Blades   | 3 4 6 7 8 10 | 10.0
Stealth        | 6 7 10 11 13 15 17 19 20 | 20.1
Dodging        | 2 3 4 6 7 8 10 11 | 11.9
Throwing       | 3 4 5 6 7 8 9 10 | 10.0
Fighting       | 3 4 5 6 7 8 9 10 11 | 11.2
Spellcasting   | 2 4 5 |  5.8
Fire Magic     | 2 4 5 |  5.8
Conjurations   | 1 3 |  3.8
Evocations     | 1 |  1.4

Action                     |  1- 3 |  4- 6 |  7- 9 | 10-12 | 13-15 || total
---------------------------+-------+-------+-------+-------+-------++-------
  Melee: Dagger            |    62 |    84 |   207 |   618 |       ||   971
         Punch             |       |     1 |     5 |    11 |     9 ||    26
         Short sword       |       |       |       |    92 |   460 ||   552
  Throw: Dart              |       |     4 |    10 |    79 |     3 ||    96
 Invoke: Curse Item        |       |       |       |     3 |     2 ||     5
  Evoke: Wand              |       |       |       |       |    11 ||    11
    Use: Scroll            |     6 |     2 |    11 |     6 |     5 ||    30
         Potion            |       |       |     3 |     6 |    15 ||    24
   Stab: Sleeping          |    25 |    14 |    18 |    59 |    45 ||   161
         Distracted        |       |     1 |     1 |     5 |     4 ||    11
         Invisible         |       |       |       |       |     8 ||     8
 Armour: Robe              |     7 |    23 |    40 |    61 |    53 ||   184
  Dodge: Dodged            |    21 |    61 |   214 |   447 |   309 ||  1052
